 Dungeon Crawl Stone Soup version 0.29.0-5-ge4962eb29e (webtiles) character file.

Game seed: 14595799809019009411

235 Zeldest the Trooper (level 5, -34/41 HPs)
             Began as a Mummy Chaos Knight on Aug 29, 2022.
             Was a Plaything of Xom.
             Killed by an exploding centaur (37 damage)
             ... ignited by their inner flame
             ... on level 6 of the Dungeon.
             The game lasted 00:11:14 (5174 turns).

Zeldest the Trooper (Mummy Chaos Knight)            Turns: 5174, Time: 00:11:14

Health: -34/41     AC:  5    Str: 15    XL:     5   Next: 76%
Magic:  9/9        EV: 11    Int: 14    God:    Xom [..*...]
Gold:   181        SH:  0    Dex: 11    Spells: 9/9 levels left

rFire   x . .      SeeInvis +   i - +0 war axe
rCold   + . .      Faith    .   (no shield)
rNeg    + + +      Spirit   .   a - +2 leather armour
rPois   ∞          Reflect  .   (no helmet)
rElec   .          Harm     .   (no cloak)
rCorr   .          Rampage  .   (no gloves)
Will    +....                   (no boots)
Stlth   +.........              (no amulet)
HPRegen 0.13/turn               o - ring of see invisible
MPRegen 0.11/turn               k - ring of willpower

@: no status effects
A: cold resistance 1, negative energy resistance 3, torment resistance 2, heat
vulnerability 1, in touch with death 1, no potions
a: Renounce Religion


You were on level 6 of the Dungeon.
You worshipped Xom.
You were a toy of Xom.
You visited 1 branch of the dungeon, and saw 6 of its levels.

You collected 181 gold pieces.

Inventory:

Hand Weapons
 i - a +0 war axe (weapon)
Armour
 a - a +2 leather armour (worn)
Jewellery
 c - a ring of ice
 e - a ring of protection from cold
 g - a ring of protection from cold
 k - a ring of willpower (right hand)
 o - a ring of see invisible (left hand)
Scrolls
 d - 2 scrolls of vulnerability
 f - a scroll of amnesia
 h - a scroll of noise
 j - a scroll of magic mapping {unknown}
 m - a scroll of butterflies
Miscellaneous
 b - a piece from Xom's chessboard (10/15) (quivered)


   Skills:
 - Level 3.0 Fighting
 + Level 1.0 Axes
 - Level 1.6 Armour
 - Level 0.7 Dodging
 - Level 2.4 Unarmed Combat
 + Level 2.8 Spellcasting
 * Level 2.5 Conjurations
 * Level 2.5 Summonings


You had 9 spell levels left.
You didn't know any spells.
Your spell library contained the following spells:

 Spells                   Type           Power      Damage    Failure   Level
 Blink                    Tloc           2%         N/A       38%         2
 Summon Guardian Golem    Hex/Summ       5%         N/A       43%         3
 Inner Flame              Hex/Fire       1%         N/A       63%         3
 Cause Fear               Hex            0%         N/A       95%         4
 Manifold Assault         Tloc           1%         N/A       100%        5
 Orb of Destruction       Conj           4%         9d5       100%        7
 Spellforged Servitor     Conj/Summ      4%         N/A       100%        7
 Discord                  Hex            0%         N/A       100%        8
 Storm Form               Tmut/Air       Unusable   N/A       N/A         7

Dungeon Overview and Level Annotations

Branches:
Dungeon (6/15)
 Temple: D:4-7

Altars:
Ashenzari
Hepliaklqana
Sif Muna
Wu Jian
Xom

Shops:
D:1 *:([


Innate Abilities, Weirdness & Mutations

You are immune to poison.
Your flesh is cold resistant. (rC+)
You are immune to negative energy. (rN+++)
You are immune to unholy pain and torment.
You are vulnerable to heat. (rF-)
You are in touch with the powers of death.
You do not drink.


Message History

Your butterfly disappears in a burst of colours!
The iguana barely misses your butterfly.
As you read the scroll labelled UDEORI LAHO, it crumbles to dust.
The creatures around you are filled with an inner flame!
It was a scroll of immolation.
The centaur misses you. The centaur closely misses you.
The bullfrog closely misses your butterfly.
The centaur closely misses you.
The centaur kicks you but does no damage.
The kobold hits you but does no damage.
The kobold barely misses your butterfly.
The iguana barely misses your butterfly.
The bullfrog hits your butterfly.
Your butterfly disappears in a burst of colours!
Your butterfly explodes!
The fiery explosion engulfs the bullfrog!!
The fiery explosion engulfs your butterfly!!
Your butterfly disappears in a burst of colours!
The fiery explosion engulfs your butterfly!!
Your butterfly disappears in a burst of colours!
The fiery explosion engulfs the iguana!
Flame seeps out of the iguana.
The iguana is heavily wounded.
The fiery explosion engulfs you! The fire burns you terribly!
Xom thinks this is hilarious!
The fiery explosion engulfs your butterfly!!
Your butterfly disappears in a burst of colours!
Your butterfly explodes!
The fiery explosion engulfs the kobold!
The fiery explosion engulfs you!! The fire burns you terribly!
Xom thinks this is hilarious!
Ouch! That really hurt!
You die... "NOOOOOOO, not my toy!"
Xom revives you!
The fiery explosion engulfs the centaur!
The centaur explodes!
The fiery explosion engulfs you!!! The fire burns you terribly!
Ouch! That really hurt!
You die...
Xom chuckles heartily!

#.....##..
...#......>........
...#......... .....
..#......... ....
..#.....#######..#
####'##....##...##..#
#..§l##..............
#.b§§§#..............
#.b§@§#.......>......
#.bb§§#....##...##..#
#..bKY§h...##...##..#
#..b..#....#.........
#.b..##....##........
#..b.########........
####'# #...##### ...
#...##.## ..
.......#.


You could see an ice beast (inner flame), an iguana (inner flame, ally target),
a hound and a kobold (inner flame).

Vanquished Creatures
  A centaur (D:6)
  A bullfrog (D:6)
  2 hounds
  A jelly (D:5)
  An iguana (D:5)
  3 gnolls
  An adder (D:2)
  A white imp (D:6)
  An ufetubus (D:4)
  A dart slug (D:1)
  3 orcs
  A bat (D:3)
  4 endoplasms
  2 giant cockroaches
  4 goblins
  4 hobgoblins
  4 jackals
  3 quokkas
  5 ball pythons
  6 frilled lizards
  5 kobolds
  7 rats
61 creatures vanquished.

Vanquished Creatures (others)
  An ice beast (D:5)
  A gnoll (D:4)
  An orc (D:4)
  22 plants
25 creatures vanquished.

Grand Total: 86 creatures vanquished

Notes
Turn   | Place    | Note
-------+----------+-------------------------------------------
     0 | D:1      | Zeldest the Mummy Chaos Knight began the quest for the Orb.
     0 | D:1      | Reached XP level 1. HP: 18/18 MP: 1/1
   354 | D:1      | XOM: divination: magic mapping
   368 | D:1      | Found Xyuc's Antique Weapon Shoppe.
   384 | D:1      | Found Jiemm's Book Shop.
   422 | D:1      | Reached skill level 1 in Spellcasting
   422 | D:1      | Reached XP level 2. HP: 21/24 MP: 3/3
   613 | D:1      | Found Iseohes's Armour Shop.
   843 | D:1      | XOM: silly message
   915 | D:1      | XOM: cloud trail
   919 | D:1      | Found Bihy's Assorted Antiques.
  1066 | D:2      | XOM: silly message
  1111 | D:2      | XOM: silly message
  1137 | D:2      | XOM is BORED!
  1137 | D:2      | XOM: silly message
  1197 | D:2      | Reached skill level 1 in Summonings
  1348 | D:2      | Reached skill level 1 in Conjurations
  1367 | D:2      | HP: 1/24 [gnoll/+0 club (2)]
  1369 | D:2      | Gained mutation: You are in touch with the powers of death.
                  | [Mummy growth]
  1369 | D:2      | Reached XP level 3. HP: 1/29 MP: 5/5
  1794 | D:2      | XOM: divination: magic mapping
  1847 | D:3      | XOM: enchant monster (bad)
  2003 | D:3      | Found a shimmering blue altar of Sif Muna.
  2297 | D:3      | Reached XP level 4. HP: 35/35 MP: 6/6
  2874 | D:4      | XOM: destruction
  2913 | D:5      | Entered Level 5 of the Dungeon
  3026 | D:4      | XOM: destruction
  3056 | D:4      | Found a broken altar of Ashenzari.
  3063 | D:4      | Found a hazy altar of Hepliaklqana.
  3307 | D:4      | XOM: cloud trail
  3345 | D:4      | Noticed a scorpion
  3408 | D:5      | Found an ornate altar of the Wu Jian Council.
  3567 | D:5      | Reached XP level 5. HP: 21/41 MP: 8/8
  3950 | D:5      | XOM: 1-stop teleportation journey
  4120 | D:5      | XOM: 1-stop teleportation journey
  4343 | D:5      | XOM: divination: detect creatures
  4352 | D:5      | XOM: scenery: create altars
  4421 | D:5      | XOM: noise
  4460 | D:5      | XOM: 2-stop teleportation journey
  4506 | D:5      | Reached skill level 1 in Axes
  4664 | D:5      | Noticed an ice beast
  4677 | D:5      | Killed an ice beast
  4677 | D:5      | XOM: divine lightning
  4780 | D:5      | XOM: summons 3 hostile demons
  5008 | D:6      | XOM: 3-stop teleportation journey
  5046 | D:6      | XOM: summons 3 hostile demons
  5156 | D:6      | Noticed an ice beast
  5159 | D:6      | Noticed a centaur
  5159 | D:6      | a bullfrog changed into a centaur
  5159 | D:6      | XOM: polymorph bullfrog -> centaur
  5169 | D:6      | XOM: scenery: 1 doors open
  5174 | D:6      | Xom revived you
  5174 | D:6      | Killed a centaur
  5174 | D:6      | Killed by an exploding centaur... ignited by their inner
                  | flame

Illustrated notes

Levels and vault maps discovered:
D:1:      beargit_arrival_greenhouse, layout_basic, serial_shops, shop,
          nicolae_lakefront_shop, nicolae_square_shop,
          nicolae_shop_advertising_works [nicolae_subvault_shop_adworks]
D:2:      layout_loops_corners, grunt_ministairs_1
D:3:      layout_rooms, nicolae_sif_muna_condensation,
          dreamdust_ecumenical_altar_hidden_monk_grotto, nicolae_grassy_gnolls
D:4:      layout_basic, nicolae_overflow_squiral, dreamdust_princess_corridor
D:5:      layout_loops_ring, mainiacjoe_overflow_small_starburst,
          serial_bayou_lagoon_a, mrwooster_statue_mirror
D:6:      layout_gridville, minmay_temple_entry_trees

Skill      XL: |  1  2  3  4  5 |
---------------+----------------+-----
Spellcasting   | 1 2 |  2.8
Summonings     | 1 2 |  2.5
Conjurations   | 1 2 |  2.5
Axes           | 1 |  1.0
Fighting       | |  3.0
Armour         | |  1.6
Dodging        | |  0.7
Unarmed Combat | |  2.4

Action                   |  1- 3 |  4- 6 || total
-------------------------+-------+-------++-------
Melee: Unarmed           |   204 |    71 ||   275
       Punch             |     6 |     2 ||     8
       War axe           |       |    66 ||    66
Evoke: Piece from Xom's  |     1 |     8 ||     9
       Wand              |       |    16 ||    16
  Use: Scroll            |       |     7 ||     7
 Stab: Sleeping          |     1 |       ||     1
       Petrified         |       |     5 ||     5
       Paralysed         |       |    10 ||    10
Armor: Leather armour    |    84 |    70 ||   154
Dodge: Dodged            |   125 |   122 ||   247
